 Dungeon Crawl Stone Soup version 0.28.0-45-g0d030f2227 (webtiles) character file.

Game seed: 5152441770763272372

1 DungeonMaster the Magician (level 1, 0/13 HPs)
             Began as a Demonspawn Wanderer on Apr 17, 2022.
             Frozen to death by an endoplasm (2 damage)
             ... on level 1 of the Dungeon.
             The game lasted 00:00:17 (44 turns).

DungeonMaster the Magician (Demonspawn Wanderer)      Turns: 44, Time: 00:00:17

Health: 0/13       AC:  4    Str: 15    XL:     1   Next: 16%
Magic:  5/5        EV: 11    Int: 12    God:
Gold:   14         SH:  0    Dex: 10    Spells: 8/8 levels left

rFire   . . .      SeeInvis .   a - +0 mace
rCold   . . .      Faith    .   (no shield)
rNeg    . . .      Spirit   .   c - +0 leather armour
rPois   .          Reflect  .   (no helmet)
rElec   .          Harm     .   (no cloak)
rCorr   .          Rampage  .   (no gloves)
Will    .....                   b - +0 pair of boots
Stlth   +.........              (no amulet)
HPRegen 0.04/turn               (no ring)
MPRegen 0.09/turn               (no ring)

@: no status effects
A: no striking features
a: no special abilities


You were on level 1 of the Dungeon.
You visited 1 branch of the dungeon, and saw 1 of its levels.

You collected 14 gold pieces.

Inventory:

Hand Weapons
 a - a +0 mace (weapon)
Armour
 b - a +0 pair of boots (worn)
 c - a +0 leather armour (worn)
Scrolls
 d - a scroll of identify {unknown}


   Skills:
 * Level 0.1 Fighting
 - Level 2.6 Maces & Flails
 * Level 1.0 Armour
 * Level 0.1 Dodging
 - Level 1.0 Stealth
 - Level 4.0 Spellcasting


You had 8 spell levels left.
You didn't know any spells.
Your spell library contained the following spells:

 Spells                   Type           Power      Damage    Failure   Level
 Foxfire                  Conj/Fire      8%         2x1d4     26%         1
 Freeze                   Ice            8%         1d3       26%         1
 Ignite Poison            Fire/Tmut/Pois 2%         N/A       63%         3
 Portal Projectile        Hex/Tloc       4%         N/A       63%         3


Dungeon Overview and Level Annotations

Branches:
Dungeon (1/15)

Altars:


Message History

The goblin hits you with a +1 vampiric dagger.
The frilled lizard bites you.
* * * LOW HITPOINT WARNING * * *
The endoplasm hits you but does no damage.
The kobold closely misses you. The frilled lizard closely misses you.
The goblin closely misses you.
You are too injured to fight recklessly!
You are too injured to fight recklessly!
You are too injured to fight recklessly!
You are too injured to fight recklessly!
You are too injured to fight recklessly!
You are too injured to fight recklessly!
You are too injured to fight recklessly!
You are too injured to fight recklessly!
You are too injured to fight recklessly!
You are too injured to fight recklessly!
You are too injured to fight recklessly!
You are too injured to fight recklessly!
You are too injured to fight recklessly!
You are too injured to fight recklessly!
You are too injured to fight recklessly!
You hit the endoplasm.
The endoplasm is almost dead.
The endoplasm barely misses you.
You barely miss the endoplasm.
The endoplasm is almost dead.
The endoplasm freezes you.
You are frozen.
* * * LOW HITPOINT WARNING * * *
The endoplasm misses you.
You hit the endoplasm but do no damage.
The endoplasm is almost dead.
The endoplasm closely misses you. The kobold misses you.
You barely miss the kobold.
The endoplasm hits you but does no damage.
The kobold hits you but does no damage.
You barely miss the kobold. The endoplasm freezes you.
You are frozen.
You die...

## ######. . .
..........
#.##.#....#...#
#....#....#...#
#........#...#
+............#
#........J...#####
#......##K........
+.....lJ@..$.....#
#......##.........
#.......#..####.# .
#.......#..####.#...
##......#...........
########.......##.
#######.########
#..............##
.#............#.#


You could see 2 endoplasms, a kobold and a frilled lizard.

Vanquished Creatures
  A hobgoblin (D:1)
1 creature vanquished.

Notes
Turn   | Place    | Note
-------+----------+-------------------------------------------
     0 | D:1      | DungeonMaster the Demonspawn Wanderer began the quest for
                  | the Orb.
     0 | D:1      | DungeonMaster set off with the following items: a +0 mace,
                  | a +0 pair of boots, a +0 leather armour; and the following
                  | spells available to memorise: Foxfire, Freeze, Ignite
                  | Poison, Portal Projectile
     0 | D:1      | Reached XP level 1. HP: 13/13 MP: 5/5
    44 | D:1      | Frozen to death by an endoplasm

Illustrated notes

Levels and vault maps discovered:
D:1:      matt_arrival_diagonals, layout_basic, shapermc_ecumenical_altar_venn,
          serial_shops, nicolae_shop_waterfront

Action                   || total
-------------------------++-------
Melee: Mace              ||    14
Armor: Leather armour    ||     9
Dodge: Dodged            ||    14
